 Dungeon Crawl Stone Soup version 0.25.0-3-gd7cc5688da (webtiles) character file.

Game seed: 10178477976995863608

32463 Dirian the Fencer (level 13, -9/91 HPs)
             Began as a Minotaur Fighter on June 15, 2020.
             Was a High Priest of Qazlal.
             Killed by divine providence
             ... invoked by a smoke demon
              (14 damage)
             ... on level 2 of the Abyss.
             The game lasted 00:23:03 (13385 turns).

Dirian the Fencer (Minotaur Fighter)               Turns: 13385, Time: 00:23:04

Health: -9/91      AC: 14    Str: 25    XL:     13   Next: 31%
Magic:  13/13      EV: 12    Int:  8    God:    Qazlal [*****.]
Gold:   967        SH: 21    Dex:  7    Spells: 12/12 levels left

rFire    . . .     SeeInvis +   K - +0 scimitar (flame)
rCold    . . .     Gourm    .   c - +0 kite shield
rNeg     . . .     Faith    .   l - +0 chain mail
rPois    .         Spirit   .   J - +0 hat {Int+3}
rElec    .         Reflect  .   i - +2 cloak
rCorr    .         Harm     .   u - +0 pair of gloves
MR       .....     Rnd*Rage +   g - +0 pair of boots Stlth ..........Rnd*Tele +
                                E - amulet of the acrobat
HPRegen  0.25/turn              F - ring of see invisible
MPRegen  0.13/turn              o - +4 ring of evasion

@: very slightly contaminated, repel missiles
A: retaliatory headbutt, horns 2, [berserk 2], [clumsy 2], [deformed body],
[frail 2], [low mp 2], [screaming 2], [teleportitis 2], [no potion heal 3]
a: Upheaval, Elemental Force, Disaster Area, Renounce Religion


You were on level 2 of the Abyss.
You worshipped Qazlal.
Qazlal was extremely pleased with you.
You were not hungry.

You visited 1 branch of the dungeon, and saw 15 of its levels.
You visited the Abyss 1 time.

You collected 967 gold pieces.

Inventory:

Hand Weapons
 r - a cursed +0 scimitar
 K - a +0 scimitar of flaming (weapon)
Armour
 c - a +0 kite shield (worn)
 g - a +0 pair of boots (worn)
 i - a +2 cloak (worn)
 l - a +0 chain mail (worn)
 u - a +0 pair of gloves (worn)
 A - a +0 plate armour of poison resistance
 J - a +0 hat of intelligence (worn)
Jewellery
 n - an uncursed ring of teleportation
 o - a +4 ring of evasion (right hand)
 q - an uncursed amulet of guardian spirit {unknown}
 v - an uncursed ring of flight
 D - a cursed amulet of inaccuracy {unknown}
 E - an amulet of the acrobat (around neck)
 F - a ring of see invisible (left hand)
 G - an uncursed ring of fire
Wands
 b - a wand of flame (21)
Scrolls
 k - 3 scrolls of enchant weapon
 s - a scroll of magic mapping
 t - 5 scrolls of teleportation
 x - 6 scrolls of remove curse
Potions
 d - a potion of might
 f - 6 potions of flight
 h - 2 potions of haste
 j - a potion of invisibility
 m - 2 potions of berserk rage
 p - 2 potions of lignification
 B - 3 potions of mutation
 C - a potion of ambrosia
 H - 3 potions of cancellation
Comestibles
 a - 2 chunks of flesh
 e - 29 rations


   Skills:
 + Level 10.4 Fighting
 - Level 16.0 Long Blades
 + Level 10.6 Armour
 + Level 14.7 Shields
 * Level 6.5 Invocations


You had 12 spell levels left.
You didn't know any spells.
Your spell library contained the following spells:

 Spells                   Type           Power        Failure   Level  Hunger
 Animate Skeleton         Necr           N/A          91%         1    ##.....
 Freeze                   Ice            #...         91%         1    ##.....
 Magic Dart               Conj           #...         91%         1    ##.....
 Pain                     Necr           #...         91%         1    ##.....
 Blink                    Tloc           N/A          97%         2    ###....
 Call Imp                 Summ           #.......     97%         2    ###....
 Slow                     Hex            #.......     97%         2    ###....
 Conjure Flame            Conj/Fire      #.......     100%        3    ####...
 Frozen Ramparts          Ice            #.....       100%        3    ####...
 Mephitic Cloud           Conj/Pois/Air  #.......     100%        3    ####...
 Ozocubu's Armour         Chrm/Ice       #.......     100%        3    ####...
 Vampiric Draining        Necr           #.........   100%        3    ####...
 Animate Dead             Necr           N/A          100%        4    #####..
 Hailstorm                Conj/Ice       #.......     100%        4    #####..
 Summon Ice Beast         Ice/Summ       #.......     100%        4    #####..
 Agony                    Necr           #.......     100%        5    ######.


Dungeon Overview and Level Annotations

Branches:
Dungeon (15/15)            Temple (0/1) D:5            Lair (0/6) D:8
    Orc (0/2) D:10         Vaults (0/5) D:14
 Depths: D:15

Altars:
Ashenzari
Fedhas
Gozag
Kikubaaqudgha
Makhleb
Qazlal
Ru
Vehumet
Xom
Beogh

Shops:
D:10 *   D:11 :   D:14 }

Annotations:
D:2 exclusion: 2 upstairs
D:8 1 transporter
D:12 1 runed translucent door, Gauc's ghost, journeyman HOFi


Innate Abilities, Weirdness & Mutations

You reflexively headbutt those who attack you in melee.
You have a pair of horns on your head.
[You often lose your temper in combat.]
[You are very clumsy. (Dex -4)]
[Armour fits poorly on your strangely shaped body.]
[You are very frail. (-20% HP)]
[Your magical capacity is very low. (-20% MP)]
[You sometimes yell uncontrollably at your foes.]
[You are sometimes teleported next to monsters.]
[Potions cannot restore your health.]


Message History

The smoke demon hits you but does no damage.
You block the smoke demon's attack.
You closely miss the raiju.
The raiju is almost dead.
The balrug gestures at you. Something smites you!
* * * LOW HITPOINT WARNING * * *
You block the raiju's attack.
Blink to where?
Press: ? - help, Dir - move target cursor You are very lightly contaminated with residual magic.
As you read the scroll of blinking, it crumbles to dust.
A harpy zombie comes into view.
You yell at the harpy zombie!
You hear a roar!
The harpy zombie misses you. You furiously retaliate!
You headbutt the harpy zombie. You block the harpy zombie's attack.
The smoke demon gestures at you. Something smites you!
You die...

##.##.#.#..##..#
#.....°3#*...#..
#####......#....
###.#3..###
##§#... #§h#..##
#..2°...#
#####.#..#
#..☼@##..#
#..§Z# #..
#.#..# # .#..
..... ....#.#
... # .. .... ..


You could see a wretched star, a smoke demon, a raiju and a harpy zombie.

Vanquished Creatures
  An ironheart preserver (D:14)
  A hydra (D:15)
  3 centaur warriors
  6 two-headed ogres
  A deep elf mage (D:14)
  5 cyclopes
  7 ugly things
  2 manticores
  2 centaur zombies
  Maurice (D:11)
  4 gargoyles
  2 kobold demonologists (D:11)
  An efreet (D:14)
  A komodo dragon (D:8)
  3 trolls
  2 hornets
  Prince Ribbit (D:5)
  A meliai zombie (D:14)
  2 hippogriffs
  18 yaks
  A shadow (D:15)
  A vampire (D:14)
  A human (D:7)
  3 hogs (D:7)
  A ynoxinul (Abyss:2)
  2 wyverns (D:11)
  A vampire mosquito (D:14)
  4 hungry ghosts
  Menkaure (D:5)
  2 water moccasins (D:8)
  3 wargs (D:8)
  2 soldier ants
  2 acid dragons
  A hell hound (Abyss:2)
  6 ice beasts
  5 orc warriors
  2 phantoms
  2 eyes of draining
  5 ogres
  7 centaurs
  6 big kobolds
  A crocodile (D:14)
  11 bullfrogs
  10 scorpions
  2 wyvern skeletons
  13 killer bees
  3 wights
  A howler monkey (D:11)
  A bullfrog zombie (D:8)
  4 crimson imps
  13 hounds
  3 quasits
  5 jellies
  14 orc priests
  3 bullfrog skeletons
  12 orc wizards
  5 centaur skeletons
  Ijyb (D:5)
  7 iguanas
  6 worker ants
  3 hound skeletons
  A worker ant zombie (D:5)
  13 gnolls
  12 adders
  A shadow imp (D:13)
  An ooze (D:1)
  An adder skeleton (D:4)
  A worm (D:3)
  3 dart slugs
  5 leopard geckos
  54 orcs
  4 giant cockroaches
  A goblin (D:3)
  3 hobgoblins
  7 jackals
  16 kobolds
  5 quokkas
  2 ball pythons
  3 bats
  4 frilled lizards
  A leopard gecko skeleton (D:3)
  A quokka skeleton (D:4)
  5 rats
384 creatures vanquished.

Vanquished Creatures (others)
  A freezing wraith (Abyss:2)
1 creature vanquished.

Grand Total: 385 creatures vanquished

Notes
Turn   | Place    | Note
-------+----------+-------------------------------------------
     0 | D:1      | Dirian the Minotaur Fighter began the quest for the Orb.
     0 | D:1      | Reached XP level 1. HP: 19/19 MP: 0/0
   147 | D:1      | Reached XP level 2. HP: 19/27 MP: 1/1
   832 | D:2      | Reached skill level 3 in Long Blades
   832 | D:2      | Reached XP level 3. HP: 27/33 MP: 2/2
   946 | D:3      | Noticed a scorpion
   952 | D:3      | Killed a scorpion
   952 | D:3      | Reached XP level 4. HP: 35/40 MP: 3/3
  1106 | D:3      | Reached skill level 4 in Long Blades
  1111 | D:3      | Found a faded altar of an unknown god.
  1184 | D:3      | Reached XP level 5. HP: 40/47 MP: 4/4
  1809 | D:3      | Became a worshipper of Qazlal Stormbringer
  1809 | D:3      | Reached * piety under Qazlal
  1825 | D:4      | Noticed an ogre
  2049 | D:4      | HP: 2/47 [ogre/+0 giant club (22)]
  2050 | D:4      | Killed an ogre
  2050 | D:4      | Reached skill level 5 in Long Blades
  2050 | D:4      | Reached XP level 6. HP: 2/53 MP: 5/5
  2351 | D:4      | Reached skill level 5 in Armour
  2444 | D:4      | Reached skill level 6 in Long Blades
  2444 | D:4      | Reached skill level 5 in Shields
  2796 | D:4      | Reached XP level 7. HP: 58/60 MP: 6/6
  2831 | D:4      | Found a burning altar of Makhleb.
  2943 | D:5      | Entered Level 5 of the Dungeon
  3006 | D:5      | Found a staircase to the Ecumenical Temple.
  3008 | D:5      | Reached skill level 7 in Long Blades
  3082 | D:5      | Noticed Menkaure
  3092 | D:5      | Killed Menkaure
  3153 | D:5      | Found an opulent altar of Gozag.
  3324 | D:5      | Reached skill level 5 in Fighting
  3332 | D:5      | Reached ** piety under Qazlal
  3335 | D:5      | Noticed Prince Ribbit
  3352 | D:5      | Noticed Ijyb
  3356 | D:5      | Killed Ijyb
  3365 | D:5      | Killed Prince Ribbit
  3365 | D:5      | Reached skill level 8 in Long Blades
  3365 | D:5      | Reached XP level 8. HP: 49/68 MP: 7/7
  3546 | D:5      | Found a sacrificial altar of Ru.
  3550 | D:5      | Found a radiant altar of Vehumet.
  3797 | D:6      | Reached skill level 9 in Long Blades
  4783 | D:7      | Reached skill level 10 in Long Blades
  5220 | D:7      | Reached XP level 9. HP: 70/75 MP: 8/8
  5224 | D:7      | Reached skill level 11 in Long Blades
  5241 | D:7      | Reached *** piety under Qazlal
  5556 | D:8      | Found a transporter.
  5574 | D:8      | Reached skill level 12 in Long Blades
  5588 | D:8      | Found a transporter.
  5767 | D:8      | Found a transporter.
  5797 | D:8      | Reached XP level 10. HP: 32/84 MP: 9/9
  6061 | D:8      | Found a transporter.
  6061 | D:8      | Found a transporter.
  6175 | D:8      | Reached **** piety under Qazlal
  6307 | D:8      | Found a staircase to the Lair.
  6409 | D:8      | Reached skill level 13 in Long Blades
  6671 | D:9      | Found a burning altar of Makhleb.
  6811 | D:9      | Reached skill level 10 in Shields
  7197 | D:10     | Entered Level 10 of the Dungeon
  7249 | D:10     | Reached skill level 14 in Long Blades
  7407 | D:10     | Found a roughly hewn altar of Beogh.
  7563 | D:10     | Found a staircase to the Orcish Mines.
  7594 | D:10     | Noticed a gargoyle
  7605 | D:10     | Killed a gargoyle
  7724 | D:10     | Found an ancient bone altar of Kikubaaqudgha.
  7945 | D:10     | Found Iniyv's General Store.
  8078 | D:10     | Identified a scroll of acquirement
  8233 | D:11     | Reached XP level 11. HP: 86/92 MP: 10/10
  8324 | D:11     | Reached ***** piety under Qazlal
  8458 | D:11     | Found a shattered altar of Ashenzari.
  8482 | D:11     | Reached skill level 1 in Invocations
  8802 | D:11     | Found Boumuevo's Book Boutique.
  8890 | D:11     | Noticed Maurice
  8902 | D:11     | Killed Maurice
  9256 | D:12     | Noticed a two-headed ogre
  9257 | D:12     | Found a blossoming altar of Fedhas.
  9267 | D:12     | Killed a two-headed ogre
  9422 | D:12     | Noticed a two-headed ogre
  9434 | D:12     | Killed a two-headed ogre
  9485 | D:12     | Noticed a green ugly thing
  9493 | D:12     | Killed a green ugly thing
  9636 | D:12     | Found a runed translucent door.
  9636 | D:12     | Found a shimmering altar of Xom.
  9636 | D:12     | Noticed a +2 great mace of chaos
  9733 | D:12     | Reached skill level 15 in Long Blades
 10396 | D:12     | Noticed Gauc's ghost (journeyman HOFi)
 10783 | D:13     | Reached XP level 12. HP: 101/103 MP: 13/13
 10817 | D:13     | Noticed a centaur warrior
 10827 | D:13     | Killed a centaur warrior
 11391 | D:14     | Noticed a two-headed ogre
 11411 | D:13     | Killed a two-headed ogre
 11602 | D:14     | Noticed a two-headed ogre
 11622 | D:13     | Killed a two-headed ogre
 11866 | D:14     | Noticed a centaur warrior
 11869 | D:14     | Noticed a two-headed ogre
 11904 | D:13     | Killed a two-headed ogre
 11904 | D:13     | Reached skill level 5 in Invocations
 12058 | D:14     | Noticed a centaur warrior
 12075 | D:14     | Killed a centaur warrior
 12077 | D:14     | Killed a centaur warrior
 12113 | D:14     | Noticed a two-headed ogre
 12121 | D:14     | Killed a two-headed ogre
 12121 | D:14     | Reached skill level 10 in Armour
 12259 | D:14     | Found Boennit's Gadget Boutique.
 12301 | D:14     | Noticed an ironheart preserver
 12321 | D:14     | Killed an ironheart preserver
 12483 | D:14     | Found a gate to the Vaults.
 12644 | D:15     | Entered Level 15 of the Dungeon
 12650 | D:15     | Reached XP level 13. HP: 112/112 MP: 16/16
 12690 | D:15     | Reached skill level 16 in Long Blades
 13053 | D:15     | Reached skill level 10 in Fighting
 13265 | D:15     | Cast into level 2 of the Abyss (a wizard)
 13268 | Abyss:2  | Found a corrupted altar of Lugonu.
 13276 | Abyss:2  | Noticed a starcursed mass
 13290 | Abyss:2  | Found a corrupted altar of Lugonu.
 13381 | Abyss:2  | Noticed a balrug
 13385 | Abyss:2  | Killed from afar by a smoke demon

Illustrated notes

Levels and vault maps discovered:
D:1:      eino_arrival_druids_welcome, layout_basic
D:2:      layout_rooms
D:3:      layout_loops_ring, chequers_ecumenical_altar_simple_redux
D:4:      layout_cave_pools, first_ration, makhleb_blood_cavern_becter
D:5:      layout_loops_ring, grunt_temple_overflow_open,
          minmay_temple_entry_sparse_star, basic_altar, serial_glass,
          glass_columns_a, glass_columns_c, uniq_menkaure, uniq_prince_ribbit1,
          uniq_ijyb
D:6:      layout_gridville, kennysheep_cluttered_room
D:7:      layout_loops_ring, grunt_livestock
D:8:      gammafunk_the_bubble [the_bubble_gammafunk_roulette], layout_basic,
          erik_lair_orcish_takeover, minmay_misc_feat_square
D:9:      layout_roguey, david_defended_altar_orc
D:10:     layout_long_grid, david_orc_5, basic_altar, serial_shops, shop
D:11:     layout_roguey, serial_shops, shop, basic_altar, uniq_maurice
D:12:     layout_cave_pods, ebering_ghost_xom, basic_altar
D:13:     layout_gridville
D:14:     layout_big_octagon, skrybe_vaults_entry_preservation, serial_shops,
          nicolae_shop_statue_plus
D:15:     gammafunk_depths_entry_grave, layout_basic, serial_glass,
          glass_columns_b, glass_columns_b, minmay_misc_feat_ornament,
          fedhas_altar_4
Abyss:2:  base: D:13, minivault_25_ag, minivault_13,
          hangedman_abyss_or_decor_slice

Skill      XL: |  1  2  3  4  5  6  7  8  9 10 11 12 13 |
---------------+----------------------------------------+-----
Fighting       | 4 5 6 7 8 9 10 | 10.4
Armour         | 4 5 6 7 8 9 10 | 10.6
Shields        | 4 5 6 7 8 10 12 14 | 14.7
Long Blades    | 3 4 5 6 8 10 12 14 15 16 | 16.0
Invocations    | 3 5 6 |  6.5

Action                   |  1- 3 |  4- 6 |  7- 9 | 10-12 | 13-15 || total
-------------------------+-------+-------+-------+-------+-------++-------
Melee: Long sword        |    44 |   118 |   286 |   755 |       ||  1203
       Headbutt          |     5 |    19 |    55 |   186 |    34 ||   299
       Scimitar          |       |       |       |    41 |   110 ||   151
Invok: Upheaval          |       |       |       |     1 |       ||     1
  Use: Scroll            |       |     6 |     7 |    11 |     2 ||    26
       Potion            |       |       |     2 |       |     5 ||     7
 Stab: Distracted        |       |       |       |     1 |       ||     1
  Eat: Chunk             |       |     6 |    10 |    21 |     2 ||    39
       Ration            |       |       |       |     1 |       ||     1
Armor: Scale mail        |    15 |    21 |       |       |       ||    36
       Chain mail        |       |    17 |    77 |   120 |    15 ||   229
Dodge: Dodged            |    13 |    40 |    65 |   200 |    23 ||   341
       Repelled          |       |       |       |     8 |     2 ||    10
Block: Kite shield       |    18 |    70 |   178 |   590 |    72 ||   928
       Rpst.: Long sword |     6 |    15 |    13 |    46 |       ||    80
       Scimitar          |       |       |       |     1 |     3 ||     4
